 Dungeon Sprint DCSS version 0.31.0-9-g3a7656b989 (webtiles) character file.

Game seed: 8753152937735999259

126 Heoruswealwe the Spear-Bearer (level 4, -1/45 HPs)
             Began as a Minotaur Fighter on Feb 2, 2024.
             Incinerated by a bombardier beetle (3 damage)
             ... with a burning spray
             ... in the Dungeon (Sprint IX: "|||||||||||||||||||||||||||||").
             The game lasted 00:00:31 (37 turns).

Heoruswealwe the Spear-Bearer (Minotaur Fighter)      Turns: 37, Time: 00:00:32

Health: -1/45      AC:  7    Str: 22    XL:     4   Next: 84%
Magic:  3/3        EV:  9    Int:  5    God:
Gold:   0          SH:  4    Dex: 10    Spells: 3/3 levels left

rFire   . . .        a - +0 trident
rCold   . . .        d - +0 buckler
rNeg    . . .        c - +0 scale mail
rPois   .            (helmet restricted)
rElec   .            (no cloak)
rCorr   .            (no gloves)
SInv    .            (no boots)
Will    .....        (no amulet) Stlth
                     (no ring)
HPRegen 0.27/turn    (no ring)
MPRegen 0.08/turn

%: no teleportation
@: on fire, glowing
A: horns 2, retaliatory headbutt
a: no special abilities


You were in the Dungeon.
You visited 1 branch

Inventory:

Hand Weapons
 a - a +0 trident (weapon)
Armour
 c - a +0 scale mail (worn)
 d - a +0 buckler (worn)
Scrolls
 j - a scroll of blinking
Potions
 b - a potion of might
 g - a potion of haste
 h - 2 potions of magic
 i - a potion of berserk rage


   Skills:
 + Level 6.8 Fighting
 * Level 8.5 Polearms
 + Level 6.8 Armour
 - Level 3.6 Shields


You had 3 spell levels left.
You didn't know any spells.
Your spell library was empty.

Dungeon Overview and Level Annotations

Branches:
Dungeon (1/1)

Altars:


Innate Abilities, Weirdness & Mutations

You have a pair of horns on your head.
You reflexively headbutt those who attack you in melee.


Message History

The liquid fire burns you!
The howler monkey hoots and howls with incredible vigour!
The bombardier beetle sprays incendiary fluid at you.
The burning spray hits you.
You are even more covered in liquid fire!
You puncture the bombardier beetle!
The bombardier beetle is severely wounded.
The liquid fire burns you! The bombardier beetle bites you.
* * * LOW HITPOINT WARNING * * *
You hit the bombardier beetle.
The bombardier beetle is almost dead.
The liquid fire burns you!
* * * LOW HITPOINT WARNING * * *
You hit the bombardier beetle but do no damage.
The bombardier beetle is almost dead.
The liquid fire burns you!
* * * LOW HITPOINT WARNING * * *
The bombardier beetle sprays incendiary fluid at you.
The burning spray hits you.
You are even more covered in liquid fire!
You feel better. The liquid fire burns you!
* * * LOW HITPOINT WARNING * * *
You hit the bombardier beetle. You headbutt the bombardier beetle.
You kill the bombardier beetle!
The liquid fire burns you!
* * * LOW HITPOINT WARNING * * *
The howler monkey hoots and howls with incredible vigour!
Your Polearms skill increases to level 8!
You shake off some of the fire as you move.
The liquid fire burns you!
* * * LOW HITPOINT WARNING * * *
The black bear barely misses you. The black bear completely misses you.
The black bear claws you.
* * * LOW HITPOINT WARNING * * *
You see here a bombardier beetle corpse.
You closely miss the black bear. The liquid fire burns you!
You die...

▓+▓
▓.▓
▓h▓
▓l▓
▓h▓
▓@▓
▓†▓
▓.▓
▓.▓
▓.▓
▓.▓
▓.▓
▓)▓
▓.▓


You could see a black bear, a howler monkey and an iguana.

Vanquished Creatures
  A black bear (D)
  A bombardier beetle (D)
  A giant cockroach (D)
  A kobold (D)
  2 quokkas (D)
  A frilled lizard (D)
7 creatures vanquished.

Notes
Turn   | Place    | Note
-------+----------+-------------------------------------------
     0 | D        | Heoruswealwe the Minotaur Fighter began the quest for the
                  | Orb.
     0 | D        | Reached XP level 1. HP: 19/19 MP: 0/0
     8 | D        | Reached skill level 3 in Polearms
    21 | D        | Noticed a howler monkey
    21 | D        | Noticed a black bear
    21 | D        | Noticed an iguana
    21 | D        | Noticed a bombardier beetle
    21 | D        | Noticed a black bear
    28 | D        | Killed a black bear
    29 | D        | Reached skill level 7 in Polearms
    29 | D        | Reached XP level 2. HP: 17/31 MP: 1/1
    29 | D        | Reached XP level 3. HP: 21/38 MP: 2/2
    29 | D        | Reached XP level 4. HP: 25/45 MP: 3/3
    36 | D        | Reached skill level 8 in Polearms
    36 | D        | HP: 2/45 [black bear (2)]
    37 | D        | Incinerated by a bombardier beetle

Illustrated notes

Levels and vault maps discovered:
D:        linesprint [early_d, line_temple, items_1, d_10, items_2, lair_1,
          lair_end, items_3, orc_1, orc_end, items_4, d_15, swamp_1, shoals_1,
          snake_1, spider_1, d_20, vaults_1, items_5, swamp_end, shoals_end,
          snake_end, spider_end, vaults_end, d_27, items_6, zot_1, zot_end,
          crypt_end, forest_end, elf_end, slime_end, tomb_end, abyss_end,
          pan_hell_end]

Skill      XL: |  1  2  3  4 |
---------------+-------------+-----
Polearms       | 7 8 |  8.5
Fighting       | 6 |  6.8
Armour         | 6 |  6.8
Shields        | |  3.6

Action                     |  1- 3 |  4- 6 || total
---------------------------+-------+-------++-------
  Melee: Trident           |    14 |     6 ||    20
         Headbutt          |     1 |     1 ||     2
    Use: Potion            |     1 |     1 ||     2
 Armour: Scale mail        |    11 |     2 ||    13
  Dodge: Dodged            |    12 |     2 ||    14
  Block: Buckler           |     4 |       ||     4
